 Dungeon Crawl Stone Soup version 0.30-a0-341-g682706514a (webtiles) character file.

Game seed: 15028423859699232729

308 derrydude the Trooper (level 6, 0/52 HPs)
             Began as a Demonspawn Cinder Acolyte on Nov 4, 2022.
             Was a High Priest of Ignis.
             Slain by a scorpion (5 damage)
             ... on level 4 of the Dungeon.
             The game lasted 00:11:39 (3270 turns).

derrydude the Trooper (Demonspawn Cinder Acolyte)   Turns: 3270, Time: 00:11:42

Health: 0/52       AC:  4    Str: 15    XL:     6   Next: 16%
Magic:  0/9        EV: 15    Int: 17    God:    Ignis [*****.]
Gold:   165        SH:  0    Dex:  8    Spells: 7/9 levels left

rFire   + + .      SeeInvis .    a - +0 hand axe (flame)
rCold   x . .      Faith    .    (no shield)
rNeg    . . .      Spirit   .    b - +0 robe
rPois   .          Reflect  .    m - +0 helmet
rElec   .          Harm     .    h - scarf {+Inv}
rCorr   .          Rampage  .    (no gloves)
Will    .....                    (no boots)
Stlth   +.........               (no amulet)
HPRegen 0.28/turn                n - +4 ring of evasion
MPRegen 0.11/turn                q - ring of fire

@: lethally poisoned (0 -> -8)
A: hooves 1, sharp scales 1
a: Renounce Religion, Evoke Invisibility, Fiery Armour, Foxfire Swarm, Rising
Flame


You were on level 4 of the Dungeon.
You worshipped Ignis.
Ignis was extremely pleased with you.
You visited 1 branch of the dungeon, and saw 4 of its levels.
You also visited: Sewer.

You collected 165 gold pieces.

Inventory:

Hand Weapons
 a - a +0 hand axe of flaming (weapon)
 t - a +0 broad axe
Missiles
 d - 2 boomerangs (quivered)
 e - 43 stones
 f - 17 poisoned darts
Armour
 b - a +0 robe (worn)
 h - a scarf of invisibility (worn)
 m - a +0 helmet (worn)
Magical Staves
 s - a staff of air
Jewellery
 n - a +4 ring of evasion (left hand)
 q - a ring of fire (right hand)
Scrolls
 i - a scroll of poison
 l - 2 scrolls of teleportation
 r - a scroll of enchant weapon
Potions
 c - a potion of mutation
 g - 2 potions of berserk rage
 j - 2 potions of haste
 k - 2 potions of might
 o - a potion of brilliance {unknown}
 p - a potion of curing {unknown}


   Skills:
 * Level 5.8 Fighting
 - Level 2.6 Axes
 - Level 2.0 Spellcasting
 - Level 4.0 Fire Magic


You had 7 spell levels left.
You knew the following spells:

 Your Spells              Type           Power      Damage    Failure   Level
a - Scorch                Fire           44%        2d7       5%          2

Your spell library contained the following spells:

 Spells                   Type           Power      Damage    Failure   Level


Dungeon Overview and Level Annotations

Branches:
Dungeon (4/15)              Sewer (visited)
 Temple: D:4-7

Altars:

Shops:
D:2 !   D:4 :


Innate Abilities, Weirdness & Mutations

You have large cloven feet.
You are partially covered in razor-sharp scales. (AC +1, Slay +1)


Message History

You start resting.
A scorpion comes into view.
You see here a +0 club.
The scorpion attacks as you move away! The scorpion barely misses you.
Casting: Scorch (safe; 5% risk of failure)
Confirm with . or Enter, or press ? or * to list all spells.
You feel a surge of power!
Flames lash the scorpion.
The scorpion is lightly wounded.
The scorpion's fire resistance burns away.
The scorpion stings you!
Casting: Scorch (safe; 5% risk of failure)
Confirm with . or Enter, or press ? or * to list all spells.
You feel a surge of power!
Flames lash the scorpion.
The scorpion is burned terribly!
The scorpion is severely wounded.
The scorpion stings you but does no damage.
The scorpion stings you.
You are poisoned.
The scorpion poisons you!
Casting: Scorch (safe; 5% risk of failure)
Confirm with . or Enter, or press ? or * to list all spells.
You feel a surge of power!
Flames lash the scorpion.
The scorpion is severely wounded.
You feel very sick. The scorpion stings you.
You are more poisoned.
The scorpion poisons you!
You barely miss the scorpion. Your kick misses the scorpion.
The scorpion is severely wounded.
* * * LOW HITPOINT WARNING * * *
You feel very sick. The scorpion closely misses you.
You closely miss the scorpion.
The scorpion is severely wounded.
* * * LOW HITPOINT WARNING * * *
You feel very sick. The scorpion stings you.
* * * LOW HITPOINT WARNING * * *
The scorpion stings you.
You die...

###..............# ###
#...#..........####.##
##.###..........#.....###
...####..# #............###.#..
#........# #...................
.....###.###...........####.#..
................###....## #.###
.#. ###.##<###.#####.... #.# #
.. #....@s.##..####.#.# .#
##...##.....)......#
..#....######.#####.#..# ..###
#.# .#. . ##.# # #..# ##.##
#######..######
................


You could see a scorpion (combustible).

Vanquished Creatures
  A bullfrog (Sewer)
  A scorpion (D:4)
  An orc wizard (D:4)
  5 adders
  2 worms
  3 dart slugs
  2 orcs (D:4)
  15 ball pythons
  12 endoplasms
  9 giant cockroaches
  7 goblins
  4 hobgoblins
  5 jackals
  4 kobolds
  11 quokkas
  6 bats
  3 frilled lizards
  3 rats
94 creatures vanquished.

Notes
Turn   | Place    | Note
-------+----------+-------------------------------------------
     0 | D:1      | derrydude the Demonspawn Cinder Acolyte began the quest for
                  | the Orb.
     0 | D:1      | Reached XP level 1. HP: 18/18 MP: 2/2
   285 | D:1      | Gained mutation: You have large cloven feet. [demonic
                  | ancestry]
   285 | D:1      | Reached XP level 2. HP: 12/24 MP: 3/3
   288 | D:1      | Learned a level 2 spell: Scorch
   987 | D:2      | Reached XP level 3. HP: 29/29 MP: 1/4
  1335 | D:2      | Found a faded altar of an unknown god.
  1643 | D:2      | Found Xoaqotecw's Distillery.
  2017 | D:3      | Reached skill level 4 in Fighting
  2092 | D:3      | Gained mutation: You are partially covered in razor-sharp
                  | scales. (AC +1, Slay +1) [demonic ancestry]
  2092 | D:3      | Reached XP level 4. HP: 37/37 MP: 3/6
  2225 | D:3      | Found a glowing drain.
  2261 | Sewer    | Entered a sewer
  2553 | Sewer    | Reached XP level 5. HP: 42/42 MP: 8/8
  2769 | Sewer    | Reached skill level 5 in Fighting
  2976 | D:4      | Found Yqaer's Book Boutique.
  3215 | D:4      | Reached XP level 6. HP: 37/52 MP: 0/9
  3270 | D:4      | Slain by a scorpion

Illustrated notes

Levels and vault maps discovered:
D:1:      dpeg_arrival_tiny_c, layout_loops_ring
D:2:      layout_basic, dreamdust_ecumenical_altar_hidden_monk_grotto,
          serial_shops, shop
D:3:      layout_basic, cheibrodos_sewer_entry_sluice
D:4:      layout_rooms, chequers_temple_overflow_statue_of_worship,
          serial_shops, nicolae_stop_n_shop_1, fountainhead,
          guppyfry_early_orc_mine

Skill      XL: |  1  2  3  4  5 |
---------------+----------------+-----
Fire Magic     | 3 4 |  4.0
Fighting       | 4 5 |  5.8
Spellcasting   | 2 |  2.0
Axes           | |  2.6

Action                   |  1- 3 |  4- 6 || total
-------------------------+-------+-------++-------
Melee: Hand axe          |    88 |   101 ||   189
       Kick              |    16 |    19 ||    35
       Punch             |     1 |       ||     1
 Cast: Scorch            |    12 |    32 ||    44
  Use: Scroll            |     8 |       ||     8
 Stab: Sleeping          |     1 |       ||     1
Armor: Robe              |    19 |    27 ||    46
Dodge: Dodged            |    53 |    76 ||   129

Table legend: (Time is in decaauts)
 A = Elapsed time spent in this place.
 B = Non-inter-level travel time spent in this place.
 C = Inter-level travel time spent in this place.
 D = Time resting spent in this place.
 E = Time spent auto-exploring this place.
 F = Levels seen in this place.
 G = Mean time per level.
                   A        B        C        D        E       F      G
               +--------+--------+--------+--------+--------+-----+--------+
         Total |   3355 |   3162 |    193 |    480 |   1590 |   5 |  671.0 |
       Dungeon |   2718 |   2525 |    193 |    230 |   1590 |   4 |  679.5 |
         Sewer |    637 |    637 |      0 |    250 |      0 |   1 |  637.0 |
               +--------+--------+--------+--------+--------+-----+--------+

Top non-repeatable levels by time:
     D:2: 1023 daAuts
     D:1: 914 daAuts
   Sewer: 637 daAuts
     D:3: 483 daAuts
     D:4: 297 daAuts
